 Dungeon Crawl Stone Soup version 0.20.1-1-g8b1a95d (webtiles) character file.

69 Knicklaso the Skirmisher (level 4, -12/45 HPs)
             Began as an Ogre Warper on July 23, 2017.
             Shot with an arrow by a centaur (15 damage)
             ... on level 3 of the Dungeon.
             The game lasted 00:09:02 (2761 turns).

Knicklaso the Skirmisher (Ogre Warper)              Turns: 2761, Time: 00:09:02

Health: -12/45     AC:  3    Str: 16    XL:     4   Next: 20%
Magic:  4/8        EV: 10    Int: 14    God:
Gold:   103        SH:  0    Dex:  8    Spells: 4/8 levels left

rFire    . . .     SeeInvis .   a - +0 mace
rCold    . . .     Gourm    .   (no shield)
rNeg     . . .     Faith    .   b - +0 robe
rPois    .         Spirit   .   (helmet restricted)
rElec    .         Reflect  .   (no cloak)
rCorr    .         Harm     .   (gloves unavailable)
MR       .....                  (boots unavailable)
Stlth    +.........             (no amulet)
Regen    0.2/turn               (no ring)
MPRegen  0.2/turn               (no ring)

@: very slightly contaminated
A: unfitting armour, tough skin 1
a: no special abilities


You were on level 3 of the Dungeon.
You were near starving.

You visited 1 branch of the dungeon, and saw 3 of its levels.

You collected 103 gold pieces.

Inventory:

Hand Weapons
 a - a +0 mace (weapon)
Missiles
 e - 5 tomahawks of dispersal
 o - 11 tomahawks (quivered)
Armour
 b - a +0 robe (worn)
Magical Staves
 j - an uncursed staff of energy {unknown}
Jewellery
 p - an uncursed amulet of guardian spirit {unknown}
Scrolls
 d - a scroll of blinking
 i - 2 scrolls of magic mapping {unknown}
 k - a scroll of noise {unknown}
 l - 2 scrolls of identify {unknown}
 m - 2 scrolls of remove curse {unknown}
 n - 2 scrolls of enchant weapon {unknown}
 q - 2 scrolls of fog {unknown}
Potions
 h - a potion of lignification {unknown}
 r - 5 potions of might {unknown}
 s - a potion of haste {unknown}
Books
 c - a book of Spatial Translocations

   Spells                             Type                      Level
   a - Blink                          Translocation                2
   b - Shroud of Golubria             Charms/Translocation         2
   c - Lesser Beckoning               Translocation                3
   d - Gell's Gravitas                Translocation                3
   e - Teleport Other                 Translocation                3
   f - Passage of Golubria            Translocation                4
Comestibles
 f - 2 bread rations
 g - 3 royal jellies


   Skills:
 + Level 3.0 Fighting
 * Level 2.3 Maces & Flails
 * Level 2.4 Throwing
 + Level 2.5 Dodging
 + Level 2.8 Spellcasting
 + Level 2.8 Translocations


You had 4 spell levels left.
You knew the following spells:

 Your Spells              Type           Power        Failure   Level  Hunger
a - Shroud of Golubria    Chrm/Tloc      #.........   19%         2    ###....
b - Blink                 Tloc           N/A          11%         2    ###....


Dungeon Overview and Level Annotations

Branches:
Dungeon (3/15)

Altars:
Elyvilon


Innate Abilities, Weirdness & Mutations

You are too large for most types of armour.
You have tough skin. (AC +1)


Message History

The centaur hits you!
* * * LOW HITPOINT WARNING * * *
The centaur closely misses you.
Casting: Shroud of Golubria
Confirm with . or Enter, or press ? or * to list all spells.
You blink.
The centaur wields an uncursed shortbow of freezing.
It is covered in frost.
The centaur shoots an arrow.
The arrow misses you.
The centaur shoots an arrow.
The arrow hits you.
* * * LOW HITPOINT WARNING * * *
The arrow freezes you.
* * * LOW HITPOINT WARNING * * *
You see here an arrow.
The centaur shoots an arrow.
The arrow barely misses you.
The centaur shoots an arrow.
The arrow closely misses you.
You see here 2 arrows.
The centaur shoots an arrow.
The arrow barely misses you.
You see here an arrow.
The centaur shoots an arrow.
The arrow hits you!
You die...

#.......#..#..#[.###....
#.........###.#..###...#
#.......#..#c.#..#$.....
####...###.#.#.#..#.#....
##.##...###.#.#.#รท.#.##..#
##.#.##.##.....#(#..#.##..#
##.###(#.##.##..#..........#
#.## ##..##.##..##..........
##.###.####@##..##.###.##..#
##.#.## #.##c........<....
##>## #(#....(.....##### #.#
#.#..###.##### #.# #.#..#
#.# #.# #.#(.###.#########
#.# #c#(.##..)#....... #.#
#.#(....#...#..... #.#
#...###...#...####


You could see a centaur.

Vanquished Creatures
  An adder (D:1)
  An ooze (D:3)
  A dart slug (D:1)
  A leopard gecko (D:2)
  7 bats
  6 giant cockroaches
  3 goblins
  6 hobgoblins
  5 jackals
  2 quokkas
  2 frilled lizards (D:1)
  6 kobolds
  6 rats
47 creatures vanquished.

Vanquished Creatures (others)
  A rat (D:2)
1 creature vanquished.

Grand Total: 48 creatures vanquished

Notes
Turn   | Place    | Note
-------+----------+-------------------------------------------
     0 | D:1      | Knicklaso the Ogre Warper began the quest for the Orb.
     0 | D:1      | Reached XP level 1. HP: 22/22 MP: 3/3
   425 | D:1      | Reached XP level 2. HP: 22/29 MP: 5/5
   499 | D:1      | Learned a level 2 spell: Shroud of Golubria
   502 | D:1      | Learned a level 2 spell: Blink
   704 | D:1      | Reached XP level 3. HP: 36/36 MP: 3/6
  1243 | D:2      | Reached skill level 3 in Fighting
  1455 | D:2      | Found a white marble altar of Elyvilon.
  2148 | D:3      | Reached XP level 4. HP: 39/45 MP: 6/8
  2309 | D:3      | Noticed a centaur
  2751 | D:3      | HP: 2/45 [centaur/arrow (6)]
  2761 | D:3      | Shot with an arrow by a centaur

Skill      XL: |  1  2  3 |
---------------+----------+-----
Maces & Flails | 2 |  2.3
Fighting       | 3 |  3.0
Throwing       | 2 |  2.4
Dodging        | |  2.5
Spellcasting   | |  2.8
Translocations | |  2.8

Action                   |  1- 3 |  4- 6 || total
-------------------------+-------+-------++-------
Melee: Mace              |   148 |    30 ||   178
 Cast: Shroud of Golubri |    13 |     5 ||    18
       Blink             |       |     2 ||     2
  Eat: Chunk             |     4 |     2 ||     6
Armor: Robe              |    58 |    11 ||    69
Dodge: Dodged            |   101 |    35 ||   136
